 Dungeon Crawl Stone Soup version 0.29.0-11-gd7f09526c8 (webtiles) character file.

Game seed: 16393099499939051894

923 NinjaNoafa the Reanimator (level 7, -6/46 HPs)
             Began as a Demonspawn Necromancer on Sept 6, 2022.
             Mangled by Duvessa
             ... wielding a +0 rapier
              (15 damage)
             ... on level 4 of the Dungeon.
             The game lasted 00:12:39 (4250 turns).

NinjaNoafa the Reanimator (Demonspawn Necromancer)  Turns: 4250, Time: 00:12:39

Health: -6/46      AC:  6    Str:  8    XL:     7   Next: 84%
Magic:  0/12       EV: 12    Int: 25    God:
Gold:   1241       SH:  0    Dex: 13    Spells: 5/13 levels left

rFire   . . .      SeeInvis .   n - staff of death
rCold   + . .      Faith    .   (no shield)
rNeg    + . .      Spirit   .   a - +0 robe
rPois   +          Reflect  .   b - +0 helmet
rElec   .          Harm     .   j - +0 cloak
rCorr   .          Rampage  .   (no gloves)
Will    .....                   (no boots)
Stlth   ++........              (no amulet)
HPRegen 0.15/turn               f - +6 ring of intelligence
MPRegen 0.13/turn               o - ring of wizardry

@: no status effects
A: thin metallic scales 1, spiny 1, talons 1, cold resistance 1, poison
resistance
a: no special abilities


You were on level 4 of the Dungeon.
You visited 1 branch of the dungeon, and saw 4 of its levels.
You also visited: Sewer.

You collected 1290 gold pieces.
You spent 49 gold pieces at shops.

Inventory:

Hand Weapons
 c - a +2 dagger
Missiles
 e - 48 stones
 r - 19 poisoned darts
Armour
 a - a +0 robe (worn)
 b - a +0 helmet (worn)
 j - a +0 cloak (worn)
Magical Staves
 n - a staff of death (weapon)
Jewellery
 f - a +6 ring of intelligence (left hand)
 k - a +6 ring of dexterity
 o - a ring of wizardry (right hand)
 p - a ring of positive energy
Wands
 d - a wand of iceblast (9)
Scrolls
 g - 2 scrolls of torment
 h - 2 scrolls of amnesia
 i - a scroll of blinking {unknown}
 m - a scroll of vulnerability
 q - a scroll of noise
Potions
 l - 2 potions of might
 u - 2 potions of mutation


   Skills:
 - Level 1.7 Dodging
 - Level 1.7 Stealth
 * Level 3.6 Spellcasting
 - Level 9.0 Necromancy
 + Level 4.1 Evocations


You had 5 spell levels left.
You knew the following spells:

 Your Spells              Type           Power      Damage    Failure   Level
a - Necrotise             Necr           100%       1d9       1%          1
b - Vampiric Draining     Necr           65%        2d10      1%          3
c - Animate Dead          Necr           65%        N/A       1%          4

Your spell library contained the following spells:

 Spells                   Type           Power      Damage    Failure   Level
 Agony                    Necr           65%        N/A       2%          5
 Portal Projectile        Hex/Tloc       8%         N/A       12%         3
 Tukima's Dance           Hex            4%         N/A       12%         3
 Blade Hands              Tmut           2%         N/A       69%         5


Dungeon Overview and Level Annotations

Branches:
Dungeon (4/15)              Sewer (visited)
 Temple: D:4-7

Altars:
Okawaru
Vehumet

Shops:
D:2 [   D:4 [

Annotations:
D:4 Duvessa


Innate Abilities, Weirdness & Mutations

You are partially covered in thin metallic scales. (AC +2)
You are partially covered in sharp spines.
You have sharp toenails.
Your flesh is cold resistant. (rC+)
Your system is resistant to poisons. (rPois)


Message History

You kill Dowan!
Duvessa screams in rage.
Duvessa goes berserk!
You feel life coursing into your body. Duvessa hits you with a +0 rapier!
* * * LOW HITPOINT WARNING * * *
Edmund hits Duvessa but does no damage.
Training target 9.0 for Necromancy reached!
Your Necromancy skill increases to level 9!
Casting: Vampiric Draining (safe; 1% risk of failure)
Confirm with . or Enter, or press ? or * to list all spells.
Aiming: Vampiric Draining (safe; 1% risk of failure)
Press: ? - help, Shift-Dir - straight line, f - Duvessa
Aim: Duvessa, wielding a +0 rapier and wearing a +0 ring mail (lightly wounded, berserk, fast, ally target)
You feel a surge of power!
You draw life force from Duvessa!
You feel life coursing into your body. Duvessa closely misses you.
Edmund barely misses Duvessa.
Duvessa is struck by your spines. Duvessa barely misses you.
Casting: Vampiric Draining (safe; 1% risk of failure)
Confirm with . or Enter, or press ? or * to list all spells.
Aiming: Vampiric Draining (safe; 1% risk of failure)
Press: ? - help, Shift-Dir - straight line, f/p - Duvessa
Aim: Duvessa, wielding a +0 rapier and wearing a +0 ring mail (moderately wounded, berserk, fast, ally target)
You feel a surge of power!
You draw life force from Duvessa!
You feel life coursing into your body! Duvessa closely misses you.
Edmund barely misses Duvessa.
Duvessa hits you with a +0 rapier!
* * * LOW HITPOINT WARNING * * *
Things that are here:
a +0 dagger; a +0 robe What are your orders? t - Shout!
Orders for allies: a - Attack new target. p - Attack previous target. r - Retreat! s - Stop attacking. g - Guard the area. f - Follow me.
Anything else - Cancel.
Gang up on whom?
Press: ? - help, Dir - move target, f/p - Duvessa
Aim: Duvessa, wielding a +0 rapier and wearing a +0 ring mail (heavily wounded, berserk, fast, ally target) Attack!
Duvessa hits you with a +0 rapier!
You die...

*,,,,,,******* *.........
*,....,*#....# *........Z
*,....,*#....# #####.....Z
***#..###....#*#...#####..
#.........#*.....###..#
#.....<...#,......#....
#...∩.....#,.._........
*######........#,,.....#....
******.).....Z.e@...#*,....##.).#
,,,,,,........##....#**...##....#
,,,,,,§........#.##########......
,,~~~~§≈≈..#.....###...,* #..^##.
,,~~~~§≈≈..##....##..######......
,,~~,,....,*###..................
,,~~,,...$.####......######......
,,~~,,8888.........#.# ##......
,,~~,,8,...####......#####..#....


You could see Duvessa (berserk, fast, ally target) and the friendly Edmund the
human zombie.

Vanquished Creatures
  Sigmund (D:2)
  Menkaure (D:4)
  Edmund (D:4)
  3 kobold brigands (Sewer)
  Dowan (D:4)
  2 jellies
  Terence (D:2)
  Robin (D:2)
  3 adders
  A gnoll (D:1)
  4 river rats
  6 worms
  2 dart slugs
  An orc (D:4)
  5 ball pythons
  7 endoplasms
  2 giant cockroaches
  12 hobgoblins
  8 kobolds
  4 quokkas
  4 bats
  2 frilled lizards (D:1)
  12 goblins
  4 rats
88 creatures vanquished.

Vanquished Creatures (collateral kills)
  An endoplasm (D:1)
  2 hobgoblins
  A ball python (Sewer)
4 creatures vanquished.

Vanquished Creatures (others)
  An adder zombie (D:4)
  A jelly zombie (D:4)
  A river rat zombie (Sewer)
  An endoplasm zombie (Sewer)
  An orc zombie (D:4)
5 creatures vanquished.

Grand Total: 97 creatures vanquished

Notes
Turn   | Place    | Note
-------+----------+-------------------------------------------
     0 | D:1      | NinjaNoafa the Demonspawn Necromancer began the quest for
                  | the Orb.
     0 | D:1      | Reached XP level 1. HP: 13/13 MP: 3/3
     3 | D:1      | Noticed an electric eel
     4 | D:1      | Noticed an electric eel
   349 | D:1      | Gained mutation: You are partially covered in sharp spines.
                  | [demonic ancestry]
   349 | D:1      | Reached XP level 2. HP: 19/19 MP: 1/5
   495 | D:1      | Reached skill level 5 in Necromancy
   577 | D:1      | Reached XP level 3. HP: 24/24 MP: 3/6
   581 | D:1      | Learned a level 3 spell: Vampiric Draining
  1108 | D:2      | Found a radiant altar of Vehumet.
  1154 | D:2      | Noticed Robin
  1189 | D:2      | Identified a scroll of acquirement
  1189 | D:2      | Acquired 1032 gold pieces
  1209 | D:2      | Killed Robin
  1220 | D:2      | Reached XP level 4. HP: 21/30 MP: 0/8
  1499 | D:2      | Noticed Sigmund
  1516 | D:2      | Killed Sigmund
  1517 | D:2      | Reached skill level 7 in Necromancy
  1517 | D:2      | Reached XP level 5. HP: 7/35 MP: 3/9
  1769 | D:2      | Noticed Terence
  1782 | D:2      | Killed Terence
  1952 | D:2      | Found Zuvey's Armour Boutique.
  1970 | D:2      | Bought a +0 cloak for 49 gold pieces
  2159 | D:3      | Reached XP level 6. HP: 41/41 MP: 6/10
  2318 | D:3      | Identified the +4 whip of Viposhao {antimagic, Str+4 Dex+4
                  | Stlth-}
  2458 | D:3      | Learned a level 4 spell: Animate Dead
  2856 | D:4      | Reached skill level 1 in Evocations
  2907 | D:4      | Found an iron altar of Okawaru.
  2954 | D:4      | Found a glowing drain.
  2959 | Sewer    | Entered a sewer
  3023 | Sewer    | Reached skill level 8 in Necromancy
  3312 | Sewer    | Gained mutation: You are partially covered in thin metallic
                  | scales. (AC +2) [demonic ancestry]
  3312 | Sewer    | Reached XP level 7. HP: 31/46 MP: 1/11
  3689 | D:4      | Noticed Menkaure
  3694 | D:4      | Gained mutation: You have sharp toenails. [potion of
                  | mutation]
  3694 | D:4      | Gained mutation: Your system is resistant to poisons.
                  | (rPois) [potion of mutation]
  3694 | D:4      | Gained mutation: Your flesh is cold resistant. (rC+)
                  | [potion of mutation]
  4003 | D:4      | Killed Menkaure
  4024 | D:4      | Noticed Edmund
  4033 | D:4      | Killed Edmund
  4236 | D:4      | Noticed Dowan
  4236 | D:4      | Noticed Duvessa
  4237 | D:4      | Found Uha Upil's Antique Armour Shoppe.
  4246 | D:4      | Killed Dowan
  4247 | D:4      | Reached skill level 9 in Necromancy
  4250 | D:4      | Mangled by Duvessa

Illustrated notes

Levels and vault maps discovered:
D:1:      arrival_aquarium_b, layout_loops_ring,
          hangedman_abyss_or_decor_lesser_grid, serial_bayou_pond_d,
          minmay_split_cup_small
D:2:      layout_basic, serial_shops, shop, basic_altar,
          hangedman_feature_mirror, uniq_sigmund, uniq_terence, uniq_robin
D:3:      layout_loops_ring, chequers_serial_rivers_small_a
D:4:      layout_rooms, lemuel_round_altar, mainiacjoe_overflow_chevrons,
          gup_sewer_entry_bowl, serial_shops, shop, nicolae_wormholes,
          uniq_duvessa, uniq_edmund, uniq_menkaure

Skill      XL: |  1  2  3  4  5  6  7 |
---------------+----------------------+-----
Necromancy     | 5 7 8 9 |  9.0
Spellcasting   | 3 |  3.6
Evocations     | 2 4 |  4.1
Dodging        | |  1.7
Stealth        | |  1.7

Action                   |  1- 3 |  4- 6 |  7- 9 || total
-------------------------+-------+-------+-------++-------
Melee: Unarmed           |     1 |       |       ||     1
       Dagger            |    12 |     4 |       ||    16
       Staff             |       |    58 |    25 ||    83
       Kick              |       |       |     4 ||     4
 Cast: Necrotise         |    54 |    51 |    14 ||   119
       Animate Dead      |       |     6 |     5 ||    11
       Vampiric Draining |       |     2 |     5 ||     7
  Use: Potion            |     6 |     3 |     3 ||    12
       Scroll            |     3 |     4 |     4 ||    11
 Stab: Invisible         |     1 |       |       ||     1
Armor: Robe              |     3 |    11 |     7 ||    21
Dodge: Dodged            |    24 |    38 |    28 ||    90
